 Dungeon Crawl Stone Soup version 0.31-a0-940-gdaa99269f9 (webtiles) character file.

Game seed: 9047444379335131170

11319 Forgeling the Carver (level 11, 100/100 HPs)
             Began as an Armataur Fighter on Oct 20, 2023.
             Was a Priest of Ru.
             Quit the game on level 10 of the Dungeon.
             The game lasted 00:31:34 (14112 turns).

Forgeling the Carver (Armataur Fighter)            Turns: 14112, Time: 00:31:34

Health: 100/100    AC: 14    Str: 26    XL:     11   Next: 47%
Magic:  11/11      EV:  7    Int:  9    God:    Ru [***...]
Gold:   550        SH:  7    Dex:  9    Spells: 10/10 levels left

rFire   . . .        a - +3 long sword (freeze)
rCold   . . .        m - +0 kite shield
rNeg    . . .        b - +0 scale mail
rPois   .            g - +2 helmet
rElec   .            s - +2 cloak
rCorr   .            (no gloves)
SInv    +            (no barding)
Will    .....        v - amulet of faith Stlth
                     q - ring of flight
HPRegen 0.36/turn    k - ring of see invisible
MPRegen 0.12/turn

%: roll, faith
@: flying
A: large, rugged brown scales 3, deformed body, hated by all, no fire magic, no
necromancy magic, no transmutations magic, armoured tail, roll, long tongue,
awkward tongue, no forms
a: Renounce Religion, Draw Out Power


You were on level 10 of the Dungeon.
You worshipped Ru.
Ru was most pleased with you.
You visited 1 branch of the dungeon, and saw 10 of its levels.

You collected 550 gold pieces.

Inventory:

Hand Weapons
 a - a +3 long sword of freezing (weapon)
Missiles
 e - 17 boomerangs
 t - 41 poisoned darts (quivered)
 u - 2 throwing nets
 w - 9 javelins
Armour
 b - a +0 scale mail (worn)
 c - a +2 leather armour of fire resistance
 g - a +2 helmet (worn)
 m - a +0 kite shield (worn)
 s - a +2 cloak (worn)
Jewellery
 k - a ring of see invisible (right hand)
 l - a ring of magical power
 o - a ring of ice
 q - a ring of flight (left hand)
 v - an amulet of faith (around neck)
Wands
 d - a wand of digging (8)
 h - a wand of quicksilver (3)
 i - a wand of iceblast (2)
 y - a wand of mindburst (2)
Scrolls
 f - 2 scrolls of enchant weapon
 j - a scroll of enchant armour
 p - 2 scrolls of blinking {unknown}
 E - 4 scrolls of fear
 F - 3 scrolls of fog
 K - a scroll of immolation
 P - 2 scrolls of poison
 V - 2 scrolls of vulnerability
 Y - 2 scrolls of teleportation {@r3}
Potions
 r - 2 potions of enlightenment
 A - 3 potions of attraction
 B - 2 potions of brilliance
 C - a potion of cancellation
 M - a potion of might
 R - a potion of resistance
 W - 2 potions of lignification


   Skills:
 + Level 8.1 Fighting
 + Level 13.0 Long Blades
 - Level 6.0 Throwing
 - Level 7.0 Armour
 - Level 3.2 Shields


You had 10 spell levels left.
You didn't know any spells.
Your spell library contained the following spells:

 Spells                   Type           Power      Damage    Failure   Level
 Freeze                   Ice            0%         1d3       87%         1
 Blink                    Tloc           0%         N/A       95%         2
 Lesser Beckoning         Tloc           0%         N/A       95%         2
 Momentum Strike          Conj/Tloc      0%         3d8       95%         2
 Frozen Ramparts          Ice            0%         1d1       99%         3
 Hailstorm                Conj/Ice       0%         3d3       99%         3
 Vhi's Electric Charge    Tloc/Air       0%         N/A       100%        4
 Arcjolt                  Conj/Air       0%         1d10      100%        5
 Maxwell's Capacitive Co  Air            0%         ∞         100%        8
 Malign Gateway           Summ/Tloc      Unusable   N/A       N/A         7
 Summon Horrible Things   Summ           Unusable   N/A       N/A         8

Dungeon Overview and Level Annotations

Branches:
Dungeon (10/15)            Temple (0/1) D:4             Orc (0/2) D:9
   Lair: D:8-11

Altars:
Cheibriados
Kikubaaqudgha
Makhleb
Okawaru
Qazlal
Ru
Zin
The Shining One

Shops:
D:4 [

Annotations:
D:3 Grinder
D:8 2 transporters, IdlyInterested's ghost, novice DsFi


Innate Abilities, Weirdness & Mutations

You are completely covered in rugged brown scales. (AC +3, +7% HP)
Armour fits poorly on your strangely shaped body.
You are hated by all.
You cannot study or cast Fire magic.
You cannot study or cast Necromancy magic.
You cannot study or cast Transmutations magic.
You have a long armoured tail.
You roll when moving toward enemies. (Rampage)
Your long tongue fully drains potion bottles. (2x potion effects)
Your tongue gives you trouble enunciating. (1.5x scroll delay)
You cannot voluntarily change form.


Message History

Your tail-slap misses the orc warrior.
The orc warrior is almost dead.
You slash the orc warrior! You freeze the orc warrior.
You kill the orc warrior! a +0 battleaxe; a +0 chain mail; an orc corpse You see here a +0 troll leather armour.
There is a large open door here.
Found a dagger.
There is a large open door here.
Found a +0 club and a murky cyan potion.
Found a scroll of identify and a +0 club.
n - 3 scrolls of amnesia (gained 1)
s - a +2 cloak You see here a +0 dagger.
x - a murky cyan potion
Z - a scroll of identify {@r1} Done exploring.
Done exploring.
Done exploring.
As you slowly read the scroll of identify {@r1}, it crumbles to dust.
x - a potion of cancellation;
C - a potion of cancellation Done exploring.
Done exploring.
Done exploring.
Unknown command.
Okay, then.
Unknown command.
Autopickup disabled for scrolls of amnesia.
You drop 3 scrolls of amnesia.
You start putting on your armour.
You continue putting on your +2 cloak. x4
You finish putting on your +2 cloak.
Search for what [Enter for "long", or ? for help]? art Unknown command.
Search for what [Enter for "art", or ? for help]? brand Unknown command.
Unknown command.
Unknown command.
Unknown command.
Unknown command.
Are you sure you want to abandon this character and quit the game? (Confirm with "yes".)

~~#....#..........#....#~....♣
.≈#....#..##''##..#....#~...♣♣
.~#....#..#....#..#....#~..P♣
.~#....####....####....#~...♣♣
.~###................###~..PP♣♣
....#.##############.#..≈~..P.♣
.~..#.#........#..)#.#...~....♣
.~..#.#........')).#.#..~.....♣
~~..#g#........#@.)#.#..~.....♣
~~..#.######''######.#..~.....♣
.~###................###≈...P♣♣
.~#....############....#~....♣
~≈#....#..........#....#~....♣
~≈#....#..........#....#≈...P♣♣
~≈#...)#.....~....#....#~....P♣
≈~######~~~~~~~≈~~######~....♣♣
~≈~~≈~~~......~P.~~≈≈~~≈~....♣


There were no monsters in sight!

Vanquished Creatures
  Erolcha (D:9)
  A two-headed ogre (D:10)
  Pikel (D:8)
  A manticore (D:10)
  Psyche (D:8)
  5 trolls
  A merfolk (D:10)
  Prince Ribbit (D:9)
  A shadow (D:9)
  2 wyverns
  2 wraiths
  2 hogs (D:10)
  6 yaks
  A steam dragon (D:7)
  An orc warrior (D:10)
  A sky beast (D:7)
  2 ice beasts
  13 black bears
  An ogre (D:6)
  6 centaurs
  3 lemures (D:8)
  2 phantoms (D:9)
  5 kobold brigands
  9 bullfrogs
  2 gnoll sergeants
  7 scorpions
  3 wights (D:8)
  2 troll zombies (D:9)
  7 electric eels (D:10)
  3 jellies
  6 orc priests
  5 hounds
  5 gnoll boudas
  A sleepcap (D:7)
  3 iguanas
  9 orc wizards
  4 ogre zombies (D:9)
  Robin (D:2)
  13 gnolls
  5 adders
  A shadow imp (D:7)
  2 white imps
  2 ufetubi (D:5)
  A worm (D:2)
  A dart slug (D:3)
  33 orcs
  9 ball pythons
  6 bats
  8 endoplasms
  4 giant cockroaches
  10 goblins
  14 hobgoblins
  17 kobolds
  5 quokkas
  2 frilled lizards (D:1)
  3 gnoll skeletons (D:9)
  3 gnoll zombies (D:9)
  13 orc zombies (D:9)
  8 rats
287 creatures vanquished.

Vanquished Creatures (others)
  A steam dragon (D:9)
  An orc warrior (D:6)
  A wight (D:8)
3 creatures vanquished.

Grand Total: 290 creatures vanquished

Notes
Turn   | Place    | Note
-------+----------+-------------------------------------------
     0 | D:1      | Forgeling the Armataur Fighter began the quest for the Orb.
     0 | D:1      | Reached XP level 1. HP: 19/19 MP: 1/1
    43 | D:1      | Reached skill level 2 in Long Blades
   188 | D:1      | Reached XP level 2. HP: 23/26 MP: 2/2
   467 | D:1      | Reached skill level 3 in Long Blades
   765 | D:2      | Reached XP level 3. HP: 23/32 MP: 3/3
  1514 | D:2      | Reached XP level 4. HP: 39/39 MP: 4/4
  1520 | D:2      | Reached skill level 4 in Long Blades
  1580 | D:2      | Noticed Robin
  1600 | D:2      | Killed Robin
  1857 | D:3      | Noticed Grinder
  1859 | D:3      | Found a sacrificial altar of Ru.
  1862 | D:3      | Paralysed by Grinder for 4 turns
  1879 | D:3      | Became a worshipper of Ru the Awakened
  2203 | D:4      | Noticed a scorpion
  2263 | D:4      | Found a staircase to the Ecumenical Temple.
  2284 | D:4      | Reached skill level 5 in Long Blades
  2284 | D:4      | Reached XP level 5. HP: 44/44 MP: 5/5
  2588 | D:4      | Found Anukkix's Armour Boutique.
  2603 | D:4      | Reached skill level 6 in Long Blades
  2603 | D:4      | Reached XP level 6. HP: 49/53 MP: 6/6
  2921 | D:4      | Found a burning altar of Makhleb.
  3062 | D:5      | Entered Level 5 of the Dungeon
  3266 | D:4      | Gained mutation: You are hated by all. [Ru sacrifice]
  3266 | D:4      | Reached * piety under Ru
  3266 | D:4      | Reached ** piety under Ru
  3701 | D:5      | Reached XP level 7. HP: 47/62 MP: 7/7
  4019 | D:5      | Found a stormy altar of Qazlal.
  4085 | D:5      | Found a glowing golden altar of the Shining One.
  4190 | D:5      | Found an ancient bone altar of Kikubaaqudgha.
  4220 | D:5      | Found a snail-covered altar of Cheibriados.
  4220 | D:5      | Found a glowing silver altar of Zin.
  4220 | D:5      | Found an iron altar of Okawaru.
  4275 | D:5      | Reached skill level 7 in Long Blades
  4561 | D:6      | Reached skill level 8 in Long Blades
  4650 | D:6      | Reached XP level 8. HP: 68/70 MP: 8/8
  5351 | D:6      | Reached skill level 5 in Armour
  5502 | D:6      | Noticed a two-headed ogre
  5932 | D:6      | Reached skill level 5 in Fighting
  6509 | D:7      | Reached skill level 9 in Long Blades
  6958 | D:7      | Gained mutation: You cannot study or cast Fire magic. [Ru
                  | sacrifice]
  6958 | D:7      | Gained mutation: You cannot study or cast Transmutations
                  | magic. [Ru sacrifice]
  6958 | D:7      | Gained mutation: You cannot study or cast Necromancy magic.
                  | [Ru sacrifice]
  6970 | D:7      | Reached XP level 9. HP: 69/79 MP: 9/9
  7027 | D:7      | Noticed a cyclops
  7194 | D:7      | Noticed a troll
  7316 | D:7      | Reached skill level 10 in Long Blades
  7523 | D:8      | Noticed Psyche
  7528 | D:8      | Killed Psyche
  7594 | D:8      | Noticed Pikel
  7901 | D:8      | Found a transporter.
  7904 | D:8      | Noticed IdlyInterested's ghost (novice DsFi)
  7905 | D:8      | Identified the +5 great mace "Hulk" {drain, rC- Str+5
                  | Int+3}
  7905 | D:8      | Noticed a two-headed ogre
  7957 | D:8      | Found a transporter.
  8047 | D:8      | Identified the +1 ring mail of Birdsong {-Tele Str+5}
  8604 | D:8      | Killed Pikel
  8605 | D:8      | Reached skill level 11 in Long Blades
  8831 | D:9      | Noticed a troll
  8890 | D:9      | Noticed Prince Ribbit
  8922 | D:9      | Killed Prince Ribbit
  9107 | D:9      | Found a staircase to the Orcish Mines.
  9134 | D:9      | Reached XP level 10. HP: 69/88 MP: 10/10
  9620 | D:9      | Reached skill level 12 in Long Blades
  9814 | D:9      | Gained mutation: You cannot voluntarily change form. [Ru
                  | sacrifice]
  9814 | D:9      | Reached *** piety under Ru
 10013 | D:9      | Noticed Erolcha
 10021 | D:9      | Reached skill level 1 in Throwing
 10022 | D:9      | Killed Erolcha
 10280 | D:10     | Entered Level 10 of the Dungeon
 11083 | D:10     | Noticed a manticore
 11104 | D:10     | Killed a manticore
 11105 | D:10     | Reached skill level 5 in Throwing
 11105 | D:10     | Reached XP level 11. HP: 98/98 MP: 11/11
 11437 | D:10     | Noticed a two-headed ogre
 11447 | D:10     | Killed a two-headed ogre
 12183 | D:10     | Found an iron altar of Okawaru.
 13806 | D:10     | Reached skill level 13 in Long Blades
 14112 | D:10     | Quit the game

Illustrated notes

Levels and vault maps discovered:
D:1:      matt_arrival_diagonals, layout_basic
D:2:      minmay_razor_zed, layout_loops_cross, dk_noncrumbling_4, uniq_robin
D:3:      layout_rooms, lemuel_round_altar, uniq_grinder
D:4:      layout_basic, mainiacjoe_overflow_chevrons, minmay_temple_entry_wispy,
          serial_shops, shop, minmay_stone_trees_medium
D:5:      layout_gridville, nicolae_qazlal_general_emergency,
          minmay_overflow_temple_hex, tso_oasis_becter
D:6:      layout_basic
D:7:      layout_cave_pools, nrook_mini_backslash
D:8:      layout_basic, gammafunk_ghost_smash, uniq_psyche, uniq_pikel
D:9:      lemuel_ice_spiral_2, layout_basic, zombieorc1_lemuel, uniq_erolcha,
          uniq_prince_ribbit1
D:10:     kennysheep_town

Skill      XL: |  1  2  3  4  5  6  7  8  9 10 11 |
---------------+----------------------------------+-----
Long Blades    | 2 3 5 6 8 9 11 12 13 | 13.0
Fighting       | 3 4 5 6 7 8 |  8.1
Armour         | 6 7 |  7.0
Throwing       | 5 6 |  6.0
Shields        | |  3.2

Action                     |  1- 3 |  4- 6 |  7- 9 | 10-12 || total
---------------------------+-------+-------+-------+-------++-------
  Melee: Long sword        |   133 |   189 |       |    87 ||   409
         Tailslap          |    11 |    38 |    59 |   101 ||   209
         Scimitar          |       |    47 |   381 |       ||   428
         Falchion          |       |       |    78 |   428 ||   506
  Throw: Boomerang         |       |     2 |     8 |    11 ||    21
         Dart              |       |       |    14 |    22 ||    36
 Invoke: Sacrifice Love    |       |     1 |       |       ||     1
         Sacrifice Arcana  |       |       |     1 |       ||     1
         Sacrifice Forms   |       |       |       |     1 ||     1
         Draw Out Power    |       |       |       |     2 ||     2
         Reject Sacrifices |       |       |       |     1 ||     1
  Evoke: Wand              |       |       |     5 |    11 ||    16
    Use: Scroll            |     4 |     2 |     8 |     5 ||    19
         Potion            |       |       |     2 |     2 ||     4
   Stab: Distracted        |       |       |     3 |       ||     3
         Invisible         |       |       |       |     3 ||     3
 Armour: Scale mail        |    85 |   211 |   368 |   367 ||  1031
         Skin              |       |       |    22 |       ||    22
  Dodge: Dodged            |    52 |    96 |   148 |   127 ||   423
  Block: Buckler           |    19 |    36 |    84 |    14 ||   153
         Kite shield       |       |       |       |    85 ||    85

Table legend: (Time is in decaauts)
 A = Elapsed time spent in this place.
 B = Non-inter-level travel time spent in this place.
 C = Inter-level travel time spent in this place.
 D = Time resting spent in this place.
 E = Time spent auto-exploring this place.
 F = Levels seen in this place.
 G = Mean time per level.
                   A        B        C        D        E       F      G
               +--------+--------+--------+--------+--------+-----+--------+
         Total |  14130 |  13592 |    538 |   1177 |   9156 |  10 | 1413.0 |
       Dungeon |  14130 |  13592 |    538 |   1177 |   9156 |  10 | 1413.0 |
               +--------+--------+--------+--------+--------+-----+--------+

Top non-repeatable levels by time:
    D:10: 3590 daAuts
     D:5: 1825 daAuts
     D:6: 1644 daAuts
     D:9: 1553 daAuts
     D:8: 1417 daAuts
     D:2: 1072 daAuts
     D:7: 816 daAuts
     D:4: 769 daAuts
     D:1: 768 daAuts
     D:3: 671 daAuts
